 Dungeon Crawl Stone Soup version 0.21.1-1-g345015f (webtiles) character file.

131 troglodite the Sneak (level 5, 0/35 HPs)
             Began as an Octopode Assassin on Feb 16, 2018.
             Slain by an orc warrior
             ... wielding a +0 halberd
              (17 damage)
             ... on level 2 of the Dungeon.
             The game lasted 00:05:51 (2114 turns).

troglodite the Sneak (Octopode Assassin)            Turns: 2114, Time: 00:05:53

Health: 0/35       AC:  1    Str: 12    XL:     5   Next: 14%
Magic:  5/5        EV: 13    Int: 13    God:
Gold:   116        SH:  0    Dex: 13    Spells: 3/5 levels left

rFire    . . .     SeeInvis .   n - +1 dagger (freeze)
rCold    . . .     Gourm    .   (no shield)
rNeg     . . .     Faith    .   (helmet restricted)
rPois    .         Spirit   .   (no amulet)
rElec    .         Reflect  .   j - ring of resist corrosion
rCorr    +         Harm     .   (no ring)
MR       .....                  (no ring)
Stlth    ++++......             (no ring)
HPRegen  0.11/turn              (no ring)
MPRegen  0.09/turn              (no ring)
                                (no ring)
                                (no ring)

@: no status effects
A: almost no armour, stealthy swim, amphibious, 8 rings, constrict 8, camouflage
1, gelatinous body 1
a: no special abilities


You were on level 2 of the Dungeon.
You were hungry.

You visited 1 branch of the dungeon, and saw 2 of its levels.

You collected 116 gold pieces.

Inventory:

Hand Weapons
 a - a +2 dagger
 b - a +0 blowgun
 n - a +1 dagger of freezing (weapon)
 o - a cursed -2 hunting sling
Missiles
 c - 17 poisoned needles
 d - 2 curare-tipped needles
 p - 25 stones (quivered)
Jewellery
 j - a ring of resist corrosion (left tentacle)
Scrolls
 e - a scroll of immolation
 i - a scroll of remove curse {unknown}
 k - 2 scrolls of blinking
Potions
 g - a potion of experience {unknown}
 h - a potion of haste {unknown}
 l - a potion of invisibility {unknown}
Books
 m - a book of Cantrips

   Spells                             Type                      Level
   a - Confusing Touch                Hexes                        1
   b - Animate Skeleton               Necromancy                   1
   c - Summon Small Mammal            Summoning                    1
   d - Apportation                    Translocation                1
Comestibles
 f - 4 rations


   Skills:
 * Level 2.5 Fighting
 + Level 2.6 Short Blades
 + Level 2.1 Throwing
 * Level 1.6 Dodging
 * Level 7.0 Stealth
 * Level 0.5 Spellcasting
 * Level 0.4 Summonings
 * Level 0.8 Necromancy


You had 3 spell levels left.
You knew the following spells:

 Your Spells              Type           Power        Failure   Level  Hunger
a - Summon Small Mammal   Summ           #...         24%         1    ##.....
b - Animate Skeleton      Necr           N/A          22%         1    ##.....


Dungeon Overview and Level Annotations

Branches:
Dungeon (2/15)

Altars:
Vehumet
Zin


Innate Abilities, Weirdness & Mutations

You cannot wear most types of armour.
You are very stealthy in the water. (Stealth+)
You are amphibious.
You can wear up to eight rings at the same time.
You can use your tentacles to constrict eight enemies at once.
Your skin changes colour to match your surroundings (Stealth+).
Your rubbery body absorbs attacks. (AC +1, EV +1)


Message History

The orc wizard is almost dead.
You constrict the orc wizard.
You kill the orc wizard!
Your Stealth skill increases to level 7!
You have reached level 5!
You feel stronger.
The orc wizard gestures wildly while chanting.
The orc wizard seems to speed up.
You hit the orc wizard. You freeze the orc wizard.
Your grab misses the orc wizard.
The orc wizard is moderately wounded.
The orc wizard hits you but does no damage.
You hit the orc wizard but do no damage.
You grab the orc wizard. Your squeeze misses the orc wizard.
The orc wizard is moderately wounded.
You constrict the orc wizard. The orc wizard casts a spell at you.
The magic dart hits you!
The orc warrior hits you from afar with a halberd!
You die...

#.##.# #.# #..#.....# #.
####.#..# ##.####..###.#.## ##.
.....#.## #........###..#.###..
######.# #.#####......###...#.
...o...# #.# #..##)<.#.#..##
######.# #.# #........##..## #o#
#.# #[..##.##.#.#.. #.#
#.#####......###..##.
######.######.o.@o....##.##.#.##.
#............###.###.#.#.#.#...#.
#.####.##.##.# #)###.##..........
#.# #.##)##.# #.##.#.##.###...##
#.# #.##.##.# #.#.###.######.##
#.# #.##.##.# #..## ##.......#
#.# #.##.##.# #.## ##.###### #.##
#.##.##.# ##.#* ##.##
...###.##.##.# *#.###.##


You could see an orc warrior and an orc wizard.

Vanquished Creatures
  An orc wizard (D:2)
  A hound skeleton (D:2)
  Robin (D:2)
  2 adders (D:2)
  2 worms (D:2)
  2 leopard geckos
  An orc (D:2)
  4 bats
  5 giant cockroaches
  11 goblins
  4 hobgoblins
  3 jackals (D:1)
  A ball python (D:1)
  2 frilled lizards (D:2)
  3 kobolds
  9 rats
52 creatures vanquished.

Notes
Turn   | Place    | Note
-------+----------+-------------------------------------------
     0 | D:1      | troglodite the Octopode Assassin began the quest for the Orb.
     0 | D:1      | Reached XP level 1. HP: 14/14 MP: 1/1
    91 | D:1      | Reached XP level 2. HP: 11/19 MP: 2/2
   545 | D:1      | Reached skill level 6 in Stealth
   981 | D:2      | Reached XP level 3. HP: 24/24 MP: 3/3
  1062 | D:2      | Found a radiant altar of Vehumet.
  1123 | D:2      | Learned a level 1 spell: Summon Small Mammal
  1125 | D:2      | Learned a level 1 spell: Animate Skeleton
  1218 | D:2      | Reached XP level 4. HP: 26/29 MP: 4/4
  1237 | D:2      | Noticed Robin
  1571 | D:2      | Killed Robin
  1722 | D:2      | Found a glowing silver altar of Zin.
  1792 | D:2      | Noticed an orc warrior
  2111 | D:2      | Reached skill level 7 in Stealth
  2111 | D:2      | Reached XP level 5. HP: 26/35 MP: 5/5
  2114 | D:2      | Slain by an orc warrior

Skill      XL: |  1  2  3  4 |
---------------+-------------+-----
Stealth        | 6 7 |  7.0
Fighting       | |  2.5
Short Blades   | |  2.6
Throwing       | |  2.1
Dodging        | |  1.6
Spellcasting   | |  0.5
Summonings     | |  0.4
Necromancy     | |  0.8

Action                   |  1- 3 |  4- 6 || total
-------------------------+-------+-------++-------
Melee: Dagger            |    64 |    44 ||   108
       Constrict         |    14 |    12 ||    26
       Tentacles         |     5 |     9 ||    14
  Use: Scroll            |       |     3 ||     3
 Stab: Sleeping          |    10 |     1 ||    11
       Distracted        |       |     1 ||     1
  Eat: Chunk             |     1 |     2 ||     3
Armor: Skin              |     8 |     3 ||    11
Dodge: Dodged            |    51 |    22 ||    73
